 Dungeon Crawl Stone Soup version 0.25-a0-42-g6c54e25894 (webtiles) character file.

Game seed: 2898318898456249251, levelgen mode: deterministic

1743126 bmfx the Slayer (level 27, 241/261 HPs)
             Began as a Minotaur Necromancer on Oct 22, 2019.
             Was the Champion of Nemelex Xobeh.
             Escaped with the Orb
             ... and 3 runes on Oct 23, 2019!
             The game lasted 03:01:01 (71712 turns).

bmfx the Slayer (Minotaur Necromancer)             Turns: 71712, Time: 03:01:02

Health: 241/261    AC: 44    Str: 31    XL:     27
Magic:  36/36      EV: 24    Int: 15    God:    Nemelex Xobeh [******]
Gold:   6026       SH: 33    Dex: 16    Spells: 11/28 levels left

rFire    + + .     SeeInvis .   S - +10 broad axe of Mosat {chop, rElec rPois rN+}
rCold    + . .     Gourm    .   H - +2 large shield
rNeg     + . .     Faith    .   E - +9 plate armour {rF+}
rPois    +         Spirit   .   (helmet restricted)
rElec    +         Reflect  +   N - +2 cloak "Kant" {+Fly}
rCorr    .         Harm     .   F - +2 pair of gloves
MR       +++..                  v - +2 pair of boots
Stlth    ..........             m - amulet "Nooczea" {Reflect rF+ Int+4 SH+4}
HPRegen  0.53/turn              G - ring of protection from cold
MPRegen  0.25/turn              P - ring "Zaugohuq" {*Drain +Blink MR+ Str+8 Int-3}

@: no status effects
A: retaliatory headbutt, horns 2, molten scales 1, clever 1, deterioration 1,
poison resistance, screaming 1, strong 1
0: Orb of Zot
}: 3/15 runes: decaying, silver, gossamer
a: Draw Escape, Draw Destruction, Draw Summoning, Draw Stack, Triple Draw, Deal
Four, Stack Five, Renounce Religion, Evoke Blink, Evoke Flight


You escaped.
You worshipped Nemelex Xobeh.
Nemelex Xobeh was exalted by your worship.
You were very full.

You visited 11 branches of the dungeon, and saw 53 of its levels.
You visited 1 bazaar.
You also visited: Trove, Gauntlet, Ice Cave and Volcano.

You collected 10568 gold pieces.
You spent 4542 gold pieces at shops.


Innate Abilities, Weirdness & Mutations

You reflexively headbutt those who attack you in melee.
You have a pair of horns on your head.
You are partially covered in molten scales. (AC +2)
Your mind is acute. (Int +2)
Your body sometimes deteriorates upon taking damage.
Your system is resistant to poisons. (rPois)
You occasionally shout uncontrollably at your foes.
Your muscles are strong. (Str +2)

Dungeon Overview and Level Annotations

Branches:
Dungeon (15/15)            Temple (1/1) D:6            Lair (6/6) D:11
  Swamp (4/4) Lair:4       Spider (4/4) Lair:3        Slime (0/5) Lair:6
    Orc (2/2) D:11            Elf (3/3) Orc:2        Vaults (5/5) D:13
  Crypt (3/3) Vaults:2       Tomb (0/3) Crypt:3      Depths (5/5) D:15
    Zot (5/5) Depths:5      IceCv (visited)         Volcano (visited)
Gauntlet (visited)

Altars:
Ashenzari
Cheibriados
Dithmenos
Elyvilon
Fedhas
Gozag
Hepliaklqana
Kikubaaqudgha
Makhleb
Nemelex Xobeh
Okawaru
Qazlal
Ru
Sif Muna
Trog
Uskayaw
Vehumet
Wu Jian
Xom
Yredelemnul
Zin
The Shining One
Beogh

Shops:
D:9 *   D:15 [   Orc:2 =?%(   Elf:3 [   Vaults:2 :   Vaults:4 [[   Depths:1 *
Depths:4 [

Portals:
Hell: Depths:1 Depths:2 Depths:3 Depths:4 Depths:5
Abyss: Depths:2 Depths:4 Depths:5
Pandemonium: Depths:3 Depths:4
Ziggurat: Depths:4

Annotations:
Lair:6 2 transporters, exclusion: 3 oklob plants, kuniqs's ghost, journeyman DEWz
Depths:2 1 runed translucent door
Zot:1 2 transporters, Esoheumm's ghost, legendary MfTm
Zot:4 3 runed translucent doors, Vosuplal's ghost, legendary GrEE


   Skills:
 - Level 24.0 Fighting
 - Level 18.0 Axes
 - Level 24.0 Armour
 + Level 23.2 Dodging
 - Level 1.5 Stealth
 - Level 24.0 Shields
 - Level 1.3 Spellcasting
 - Level 5.2 Necromancy
 - Level 6.0 Translocations
 - Level 21.0 Invocations
 - Level 8.0 Evocations


You had 11 spell levels left.
You knew the following spells:

 Your Spells              Type           Power        Failure   Level  Hunger
a - Apportation           Tloc           ###...       7%          1    ##.....
r - Regeneration          Chrm/Necr      #.........   65%         3    ####...
A - Pain                  Necr           ###.         10%         1    ##.....
B - Animate Skeleton      Necr           N/A          10%         1    ##.....
C - Animate Dead          Necr           N/A          67%         4    #####..
D - Summon Lightning Spi  Summ/Air       #.......     100%        4    #####..
E - Lesser Beckoning      Tloc           ###.......   22%         3    ####...

Your spell library contained the following spells:

 Spells                   Type           Power        Failure   Level  Hunger
 Corpse Rot               Necr           N/A          14%         2    ###....
 Sublimation of Blood     Necr           ###.......   14%         2    ###....
 Gell's Gravitas          Tloc           ###.......   22%         3    ####...
 Vampiric Draining        Necr           ###.......   28%         3    ####...
 Shroud of Golubria       Chrm/Tloc      ##....       36%         2    ###....
 Portal Projectile        Hex/Tloc       ##....       58%         3    ####...
 Recall                   Summ/Tloc      N/A          58%         3    ####...
 Beastly Appendage        Tmut           #.....       63%         1    ##.....
 Confusing Touch          Hex            #.....       63%         1    ##.....
 Corona                   Hex            #......      63%         1    ##.....
 Flame Tongue             Conj/Fire      #....        63%         1    ##.....
 Freeze                   Ice            #...         63%         1    ##.....
 Infusion                 Chrm           #...         63%         1    ##.....
 Magic Dart               Conj           #...         63%         1    ##.....
 Shock                    Conj/Air       #...         63%         1    ##.....
 Sting                    Conj/Pois      #...         63%         1    ##.....
 Summon Butterflies       Summ           #.......     63%         1    ##.....
 Summon Small Mammal      Summ           #...         63%         1    ##.....
 Call Imp                 Summ           #.......     77%         2    ###....
 Ensorcelled Hibernation  Hex/Ice        #.....       77%         2    ###....
 Passwall                 Tmut/Erth      #.......     77%         2    ###....
 Poisonous Vapours        Pois/Air       #.....       77%         2    ###....
 Searing Ray              Conj           #.....       77%         2    ###....
 Song of Slaying          Chrm           #.......     77%         2    ###....
 Sticks to Snakes         Tmut           #.......     77%         2    ###....
 Swiftness                Chrm/Air       #.......     77%         2    ###....
 Throw Flame              Conj/Fire      #.....       77%         2    ###....
 Throw Frost              Conj/Ice       #.....       77%         2    ###....
 Call Canine Familiar     Summ           #.......     94%         3    ####...
 Confuse                  Hex            #.......     94%         3    ####...
 Conjure Flame            Conj/Fire      #.......     94%         3    ####...
 Dazzling Spray           Conj/Hex       #.....       94%         3    ####...
 Ignite Poison            Fire/Tmut/Pois #.......     94%         3    ####...
 Inner Flame              Hex/Fire       #.......     94%         3    ####...
 Mephitic Cloud           Conj/Pois/Air  #.......     94%         3    ####...
 Ozocubu's Armour         Chrm/Ice       #.......     94%         3    ####...
 Spectral Weapon          Hex/Chrm       #.......     94%         3    ####...
 Spider Form              Tmut/Pois      #.........   94%         3    ####...
 Static Discharge         Conj/Air       #.......     94%         3    ####...
 Stone Arrow              Conj/Erth      #.....       94%         3    ####...
 Summon Guardian Golem    Hex/Summ       #.......     94%         3    ####...
 Tukima's Dance           Hex            #.......     94%         3    ####...
 Force Lance              Conj/Tloc      ##......     94%         4    #####..
 Dispel Undead            Necr           ###.....     95%         5    ######.
 Airstrike                Air            #.........   100%        4    #####..
 Cause Fear               Hex            #.........   100%        4    #####..
 Fulminant Prism          Conj/Hex       #.........   100%        4    #####..
 Ice Form                 Ice/Tmut       #.......     100%        4    #####..
 Iskenderun's Mystic Bla  Conj           #.......     100%        4    #####..
 Leda's Liquefaction      Hex/Erth       #.........   100%        4    #####..
 Olgreb's Toxic Radiance  Pois           #.......     100%        4    #####..
 Petrify                  Tmut/Erth      #.......     100%        4    #####..
 Sticky Flame             Conj/Fire      #.......     100%        4    #####..
 Summon Ice Beast         Ice/Summ       #.......     100%        4    #####..
 Throw Icicle             Conj/Ice       #.......     100%        4    #####..
 Alistair's Intoxication  Tmut/Pois      #.......     100%        5    ######.
 Blade Hands              Tmut           #.........   100%        5    ######.
 Bolt of Draining         Conj/Necr      #.........   100%        5    ######.
 Bolt of Magma            Conj/Fire/Erth #.........   100%        5    ######.
 Borgnjor's Vile Clutch   Necr/Erth      #.........   100%        5    ######.
 Fireball                 Conj/Fire      #.........   100%        5    ######.
 Irradiate                Conj/Tmut      #.........   100%        5    ######.
 Iskenderun's Battlesphe  Conj/Chrm      #.......     100%        5    ######.
 Lee's Rapid Deconstruct  Erth           #.........   100%        5    ######.
 Lightning Bolt           Conj/Air       #.........   100%        5    ######.
 Metabolic Englaciation   Hex/Ice        #.........   100%        5    ######.
 Summon Forest            Summ/Tloc      ##........   100%        5    ######.
 Venom Bolt               Conj/Pois      #.........   100%        5    ######.
 Yara's Violent Unravell  Hex/Tmut       #.........   100%        5    ######.
 Bolt of Fire             Conj/Fire      #.........   100%        6    #######
 Conjure Ball Lightning   Conj/Air       #.........   100%        6    #######
 Darkness                 Hex            #.........   100%        6    #######
 Death Channel            Necr           ###.......   100%        6    #######
 Dispersal                Tloc           ###.......   100%        6    #######
 Freezing Cloud           Conj/Ice/Air   #.........   100%        6    #######
 Hydra Form               Tmut           #.........   100%        6    #######
 Invisibility             Hex            #.......     100%        6    #######
 Iron Shot                Conj/Erth      #.........   100%        6    #######
 Simulacrum               Ice/Necr       #.........   100%        6    #######
 Dragon Form              Tmut           #.........   100%        7    #######
 Orb of Destruction       Conj           #.........   100%        7    #######
 Ring of Flames           Chrm/Fire      #.........   100%        7    #######
 Spellforged Servitor     Conj/Summ      #.........   100%        7    #######
 Summon Hydra             Summ           #.........   100%        7    #######
 Borgnjor's Revivificati  Necr           ###.......   100%        8    #######
 Controlled Blink         Tloc           N/A          100%        8    #######
 Disjunction              Tloc           ###.......   100%        8    #######
 Dragon's Call            Summ           #.........   100%        9    #######
 Passage of Golubria      Tloc           Unusable     N/A         4    N/A

Action                   |  1- 3 |  4- 6 |  7- 9 | 10-12 | 13-15 | 16-18 | 19-21 | 22-24 | 25-27 || total
-------------------------+-------+-------+-------+-------+-------+-------+-------+-------+-------++-------
Melee: Club              |    14 |       |       |       |       |       |       |       |       ||    14
       Unarmed           |     5 |       |       |       |       |       |       |       |       ||     5
       Headbutt          |     8 |    23 |    60 |    96 |   307 |   293 |   399 |   355 |   596 ||  2137
       Dagger            |    49 |     7 |       |       |       |       |       |       |       ||    56
       Spear             |       |    79 |   295 |       |       |       |       |       |       ||   374
       Short sword       |       |    80 |    42 |       |       |       |       |       |       ||   122
       War axe           |       |       |   103 |   572 |   544 |       |       |       |       ||  1219
       Broad axe         |       |       |       |       |   392 |  1038 |  1183 |   989 |  1557 ||  5159
Throw: Stone             |     1 |       |       |       |       |       |       |       |       ||     1
       Dart              |       |     5 |    27 |    10 |       |       |       |       |       ||    42
 Cast: Pain              |    47 |     1 |    11 |     1 |       |       |       |       |       ||    60
       Animate Skeleton  |     1 |     6 |    10 |    19 |    48 |     2 |       |       |       ||    86
Invok: Stack Five        |       |       |       |       |     1 |     2 |       |       |       ||     3
       Deal Four         |       |       |       |       |     1 |       |       |       |       ||     1
       Triple Draw       |       |       |       |       |       |       |       |     1 |       ||     1
 Abil: Draw Destruction  |       |       |     3 |    13 |    16 |    36 |     2 |     9 |    11 ||    90
       Draw Summoning    |       |       |     4 |     8 |     5 |     6 |       |       |     1 ||    24
       Draw Stack        |       |       |       |       |     1 |     3 |     2 |       |     1 ||     7
       Evoke Blink       |       |       |       |       |       |     1 |     2 |       |       ||     3
       Evoke Flight      |       |       |       |       |       |       |       |     1 |     1 ||     2
       Blink             |       |       |       |       |       |       |       |       |     5 ||     5
Evoke: Wand              |       |       |       |    16 |     5 |    37 |     6 |       |     3 ||    67
       Lightning rod     |       |       |       |     4 |     7 |       |       |       |     4 ||    15
       Phial of floods   |       |       |       |     1 |     1 |     1 |       |       |       ||     3
       Lamp of fire      |       |       |       |       |       |       |       |     1 |     3 ||     4
  Use: Potion            |     1 |       |       |     7 |     5 |     2 |     6 |     2 |    21 ||    44
       Scroll            |       |     5 |    11 |    11 |     6 |    11 |    10 |    12 |    20 ||    86
 Stab: Sleeping          |     2 |     1 |       |       |       |     1 |     1 |       |       ||     5
       Distracted        |     1 |       |     1 |     1 |     7 |     7 |     3 |     2 |     2 ||    24
       Paralysed         |       |       |       |     3 |     3 |     3 |     1 |       |       ||    10
       Invisible         |       |       |       |     1 |       |    22 |    11 |       |     2 ||    36
       Petrified         |       |       |       |       |     4 |     3 |       |       |       ||     7
       Petrifying        |       |       |       |       |     1 |     1 |       |       |       ||     2
       Confused          |       |       |       |       |       |     1 |       |       |       ||     1
  Eat: Chunk             |     6 |     7 |    20 |    21 |    26 |    19 |    23 |    16 |    20 ||   158
       Ration            |       |       |       |     2 |     3 |     6 |     4 |     3 |    11 ||    29
Armor: Robe              |     1 |       |       |       |       |       |       |       |       ||     1
       Leather armour    |    18 |     6 |       |       |       |       |       |       |       ||    24
       Ring mail         |       |    41 |    45 |       |       |       |       |       |       ||    86
       Chain mail        |       |       |    94 |   356 |   349 |    11 |       |       |       ||   810
       Quicksilver drago |       |       |       |       |       |   388 |   128 |       |       ||   516
       Plate armour      |       |       |       |       |       |       |    86 |   231 |   393 ||   710
Dodge: Dodged            |    37 |    66 |   180 |   265 |   267 |   530 |   281 |   231 |   677 ||  2534
Block: Buckler           |     5 |    32 |    76 |   115 |    94 |       |       |       |       ||   322
       Large shield      |       |       |       |       |   302 |  1013 |   966 |   963 |  1853 ||  5097
       Reflection        |       |       |       |       |       |       |     1 |    66 |    48 ||   115

Skill      XL: |  1  2  3  4  5  6  7  8  9 10 11 12 13 14 15 16 17 18 19 20 21 22 23 24 25 26 27 |
---------------+----------------------------------------------------------------------------------+-----
Necromancy     | 3 4 5 |  5.2
Fighting       | 1 2 3 5 8 10 12 14 15 17 18 21 24 | 24.0
Shields        | 1 2 4 6 14 15 18 20 21 24 | 24.0
Dodging        | 4 5 9 15 18 21 23 | 23.2
Armour         | 6 8 10 12 15 17 18 19 21 24 | 24.0
Evocations     | 5 7 8 |  8.0
Axes           | 6 7 10 13 15 18 | 18.0
Invocations    | 4 8 11 16 18 21 | 21.0
Translocations | 6 |  6.0
Stealth        | |  1.5
Spellcasting   | |  1.3

Inventory:

Hand Weapons
 S - the +10 broad axe of Mosat (weapon) {chop, rElec rPois rN+}
   (You took it off a deep elf demonologist on level 3 of the Elven Halls)

   It inflicts extra damage upon your enemies.
   It insulates you from electricity.
   It protects you from poison.
   It protects you from negative energy.
Missiles
 w - 12 throwing nets (quivered) {!f}
 I - 19 curare-tipped darts
Armour
 v - a +2 pair of boots (worn)
 B - the +3 hat of Pondering {ponderous, MR+ MP+10 Int+5}
   (You took it off Gastronok on level 12 of the Dungeon)

   It affects your intelligence (+5).
   It affects your resistance to hostile enchantments.
   It affects your magic capacity (+10).
 E - a +9 plate armour of fire resistance (worn)
 F - a +2 pair of gloves (worn)
 H - a +2 large shield (worn)
 N - the +2 cloak "Kant" (worn) {+Fly}
   (You found it in a treasure trove)

   It lets you fly.
 V - the +0 chain mail "Teykhleu" {rElec, unknown}
   (You found it on level 5 of the Realm of Zot)

   It insulates you from electricity.
Jewellery
 g - an uncursed ring of resist corrosion
 m - the amulet "Nooczea" (around neck) {Reflect rF+ Int+4 SH+4}
   (You found it in a treasure trove)

   [amulet of reflection]

   It shields you and reflects attacks.
   It affects your intelligence (+4).
   It protects you from fire.
   It affects your SH (+4).
 t - an uncursed ring of see invisible
 u - an uncursed ring of protection from fire
 G - a ring of protection from cold (left hand)
 M - the ring "Ontegin" {rC- MR+ Dex+6 Slay+3}
   (You found it on level 5 of the Lair of Beasts)

   [ring of dexterity]

   It affects your dexterity (+6).
   It affects your accuracy and damage with ranged weapons and melee attacks
   (+3).
   It makes you vulnerable to cold.
   It affects your resistance to hostile enchantments.
 P - the ring "Zaugohuq" (right hand) {*Drain +Blink MR+ Str+8 Int-3}
   (You found it on level 2 of the Lair of Beasts)

   [ring of protection from magic]

   It affects your strength (+8).
   It affects your intelligence (-3).
   It affects your resistance to hostile enchantments.
   It lets you blink.
   It causes draining when unequipped.
 Q - an uncursed ring of protection from fire
Wands
 e - a wand of clouds (8)
 i - a wand of polymorph (4)
 l - a wand of acid (11)
 n - a wand of disintegration (12)
 x - a wand of iceblast (4)
 z - a wand of digging (49)
 O - a wand of paralysis (26)
 Z - a wand of enslavement (18)
Scrolls
 q - 3 scrolls of blinking {@r2}
 y - a scroll of fog
 A - 26 scrolls of remove curse {@r4}
 J - 20 scrolls of teleportation {@r1}
 K - 7 scrolls of fear
 L - 8 scrolls of magic mapping
 T - a scroll of holy word
 U - 2 scrolls of summoning
 Y - 13 scrolls of identify {@r3}
Potions
 a - 7 potions of brilliance
 b - 6 potions of agility
 d - 8 potions of cancellation
 f - 10 potions of curing {@q2}
 h - a potion of invisibility
 j - a potion of haste {@q4}
 k - 3 potions of mutation
 o - 4 potions of heal wounds {@q1}
 p - 14 potions of flight
 D - 4 potions of might
 R - 2 potions of resistance
Miscellaneous
 r - a fan of gales
 s - a lamp of fire
 C - a phial of floods
 W - 5 boxes of beasts
 X - a lightning rod (4/4)
Comestibles
 c - 86 rations

##.####..######
#######..###.## # #.#
#....##.###.#...#.###.#.###
#.#
####.#..#...#.#...##.###รท##
##.# #..#.##.###.#####.## ##..
...# #.#..#....#....###.###.##
.#.# #......#..#.##..###.#.###
...# ######.#..#..#### ##.## #
#.## #..#.....###...# #.# #
#.# ##.#....@....#.## #.# #.#
#...###.....#..# #.# #.#
####..#..######## #.# #.#
#..##.#..#......# #.# #>#
##....#....#.##.####.# #.#
#####.###.##.#..#....# #.#
#...#.#.Z.#..#.#####.#
#.#######.#...#.###.##....##.#
#.......Z.####### ######..##.#
#


There were no monsters in sight!

Vanquished Creatures
  An ancient lich (Vaults:5)
  6 orbs of fire
  4 juggernauts
  A greater mummy (Crypt:3)
  The ghost of Ywuol the Warrior, a veteran GrFi of the Shining One (Crypt:2)
  6 Killer Klowns
  Sojobo (Depths:1)
  A curse toe (Zot:2)
  Xtahua (Vaults:4)
  13 golden dragons
  6 liches
  Arachne (Spider:4)
  3 electric golems
  25 tentacled monstrosities
  Rupert (Spider:1)
  Jorgrun (D:15)
  An Ice Fiend (Depths:2)
  26 Orb Guardians
  9 quicksilver dragons
  8 titans
  An Executioner (D:12)
  3 deep elf blademasters
  4 sphinxes
  Kirke (Lair:6)
  7 death cobs
  14 storm dragons
  Gastronok (D:12)
  4 ancient champions
  15 tengu reavers
  6 draconian monks
  A revenant (Crypt:1)
  7 shadow dragons
  11 fire giants
  Donald (Elf:2)
  9 deep elf sorcerers
  15 vault wardens
  18 frost giants
  Aizul (Vaults:2)
  9 ghost moths
  2 curse skulls
  An iron dragon (Depths:4)
  5 draconian scorchers
  2 balrugs
  6 deep elf elementalists
  8 emperor scorpions
  5 ghouls
  Louise (Elf:3)
  A cacodemon (Depths:2)
  2 draconian shifters
  A spriggan defender (Depths:2)
  6 draconian annihilators
  5 draconian stormcallers
  18 stone giants
  18 ironheart preservers
  6 entropy weavers
  2 war gargoyles
  12 very ugly things
  7 grey draconians (Zot:1)
  4 deep elf demonologists
  Nessos (D:15)
  6 green draconians
  10 vampire knights
  10 deep elf annihilators
  6 yellow draconians
  3 white draconians
  The ghost of Viasus the Prestidigitator, a journeyman GnAr of Trog (Lair:3)
  The ghost of Linguinho the Grappler, a journeyman TrFi (D:13)
  7 spark wasps
  8 black draconians
  9 purple draconians
  12 red draconians
  A green death (Depths:3)
  A crystal guardian (Vaults:2)
  7 eidola
  2 blizzard demons
  8 deep elf death magi
  11 fire dragons
  15 jiangshi
  2 mummy priests (Crypt:3)
  16 yaktaur captains
  13 ettins
  10 great orbs of eyes
  9 deep elf high priests
  9 rakshasas
  Harold (Orc:1)
  12 ice dragons
  16 hydras
  Josephine (D:15)
  27 vault guards
  The ghost of grouchysmurf the Spear-Bearer, a journeyman MfGl of Ru (D:9)
  7 spriggan air magi
  Erolcha (Orc:1)
  5 catoblepae
  2 death knights (Vaults:2)
  32 two-headed ogres
  5 shambling mangroves (Swamp:4)
  12 centaur warriors
  5 deep troll shamans
  9 vampire magi
  28 dancing weapons
  7 deep troll earth magi
  19 alligators
  15 ogre magi
  7 spriggan berserkers
  8 death yaks
  10 tengu warriors
  Sonja (Lair:4)
  5 soul eaters
  4 sun demons
  23 deep elf knights
  A storm dragon zombie (Vaults:2)
  4 shadow wraiths
  A sixfirhy (Depths:2)
  An iron troll (Depths:2)
  A spark wasp zombie (Crypt:2)
  26 skeletal warriors
  3 large abominations
  A sea snake (shapeshifter) (Gauntlet)
  A salamander mystic (Depths:1)
  A spriggan druid (Swamp:2)
  4 unseen horrors
  4 glowing orange brains
  6 small abominations
  2 quicksilver dragon simulacra (Depths:5)
  9 flayed ghosts
  15 deep trolls
  A shadow demon (D:12)
  An obsidian statue (Zot:5)
  8 swamp dragons
  16 phantasmal warriors
  An infernal demonspawn (Depths:3)
  3 wizards
  17 ironbrand convokers
  15 deep elf archers
  A harpy (shapeshifter) (Vaults:5)
  A mana viper (shapeshifter) (Gauntlet)
  3 harpies (Vaults:2)
  A lindwurm (Lair:3)
  11 orc knights
  2 necromancers (Vaults:2)
  11 orb spiders
  61 deep elf magi
  3 orc sorcerers
  24 wolf spiders
  A stone giant zombie (Vaults:2)
  5 cyclopes
  A manticore (shapeshifter) (Vaults:5)
  A sphinx skeleton (Vaults:2)
  25 ugly things
  5 manticores
  2 elephants (Lair:6)
  A frost giant zombie (Crypt:1)
  3 salamanders (Depths:1)
  36 moths of wrath
  2 black mambas
  A black mamba (shapeshifter) (Depths:1)
  10 rust devils
  A draconian (Zot:1)
  2 ice statues
  19 vault sentinels
  5 guardian serpents (shapeshifter)
  19 spiny frogs
  3 gargoyles
  2 spiny frogs (shapeshifter) (Vaults:2)
  An elephant slug zombie (Crypt:1)
  The ghost of Flugkiller the Ducker, a novice OpBe of Trog (D:6)
  A rime drake (shapeshifter) (Depths:4)
  6 centaur skeletons
  3 rime drakes
  8 demonic crawlers
  A kobold demonologist (D:13)
  51 yaktaurs
  6 hellwings
  4 efreet
  5 spectral swamp worms (Depths:1)
  13 freezing wraiths
  3 ice devils (Depths:5)
  7 komodo dragons
  3 red devils (Depths:5)
  25 guardian mummies (Crypt:3)
  A queen bee (D:6)
  4 tengu conjurers
  7 meliai
  A meliai (shapeshifter) (Vaults:2)
  43 jumping spiders
  6 trolls
  13 tyrant leeches
  17 polar bears
  A troll (shapeshifter) (Depths:4)
  21 bog bodies
  3 blink frogs
  A guardian serpent zombie (Crypt:1)
  24 hornets
  A hornet (shapeshifter) (Depths:1)
  A frost giant simulacrum (Vaults:2)
  A raiju (shapeshifter) (Depths:4)
  2 alligator zombies
  31 slime creatures
  A dream sheep (shapeshifter) (Depths:1)
  11 hippogriffs
  Prince Ribbit (D:7)
  A human simulacrum (Vaults:2)
  12 dream sheep
  A redback (shapeshifter) (D:15)
  3 flying skulls (Depths:5)
  5 shadows
  An air elemental (Elf:3)
  Sigmund (D:2)
  64 redbacks
  22 tarantellas
  11 wraiths
  54 yaks
  10 spriggans
  2 hogs (shapeshifter)
  An alligator skeleton (Crypt:3)
  A human (Spider:1)
  5 wyverns
  12 ushabtiu (Crypt:3)
  2 fire elementals
  2 water elementals
  A yak (shapeshifter) (Elf:2)
  A spriggan (shapeshifter) (Vaults:1)
  A basilisk (shapeshifter) (Elf:2)
  A ynoxinul (Depths:3)
  2 basilisks
  3 hungry ghosts
  2 fire bats (Volcano)
  A human (shapeshifter) (Vaults:4)
  A death yak simulacrum (Lair:3)
  2 golden eyes (Zot:5)
  A yaktaur simulacrum (Vaults:2)
  15 vampire mosquitoes
  A swamp worm (shapeshifter) (Depths:3)
  5 wargs
  A warg (shapeshifter) (Depths:3)
  A naga (D:8)
  21 insubstantial wisps
  17 swamp worms
  12 water moccasins
  A hydra simulacrum (Lair:3)
  6 porcupines
  Duvessa (D:4)
  5 hell hounds
  3 floating eyes
  A floating eye (shapeshifter) (Vaults:3)
  3 ice beasts
  A monstrous demonspawn skeleton (Crypt:1)
  12 swamp drakes
  A dream sheep zombie (Crypt:1)
  An eye of draining (shapeshifter) (Depths:2)
  6 sky beasts
  2 black bears
  2 eyes of draining
  2 hornet zombies
  31 ogres
  2 phantoms
  2 boggarts (shapeshifter)
  42 orc warriors
  An ogre (shapeshifter) (Depths:4)
  31 wolves
  2 boggarts
  2 ettin simulacra (Depths:5)
  4 necrophages
  35 centaurs
  A wolf (shapeshifter) (Vaults:3)
  9 crocodiles
  A blink frog skeleton (Crypt:3)
  4 big kobolds
  A hog skeleton (Crypt:1)
  A human zombie (Vaults:2)
  10 bullfrogs
  An elf skeleton (Crypt:3)
  2 earth elementals (Elf:1)
  A gnoll sergeant (D:4)
  A glowing shapeshifter simulacrum (Vaults:2)
  2 human skeletons (Vaults:2)
  A wyvern zombie (D:12)
  A water moccasin zombie (Crypt:2)
  A komodo dragon skeleton (Crypt:2)
  5 scorpions
  An elephant simulacrum (Lair:3)
  A blink frog simulacrum (Lair:3)
  8 wights
  42 killer bees
  An orc simulacrum (Vaults:2)
  A yak skeleton (Crypt:2)
  5 howler monkeys
  A howler monkey (shapeshifter) (Vaults:5)
  9 electric eels
  6 crimson imps
  A bullfrog zombie (D:13)
  2 centaur zombies
  A quasit (D:11)
  A demonspawn zombie (Crypt:3)
  Crazy Yiuf (D:2)
  2 bullfrog skeletons
  21 orc priests
  8 hounds
  An iron imp (Depths:3)
  An iguana (D:8)
  33 orc wizards
  A demonspawn skeleton (Crypt:2)
  11 worker ants
  A tengu zombie (Crypt:3)
  A crocodile skeleton (Crypt:3)
  A felid skeleton (Crypt:1)
  A tengu skeleton (Crypt:1)
  3 hound skeletons
  An ogre skeleton (Crypt:3)
  8 mummies (Crypt:3)
  4 worker ant zombies
  2 crocodile simulacra (Lair:3)
  3 gnolls (D:4)
  11 adders
  7 shadow imps
  A white imp (Depths:3)
  An ufetubus (Depths:3)
  An ooze (D:4)
  An adder zombie (D:9)
  A lava snake zombie (Crypt:2)
  An adder skeleton (D:4)
  A worm (D:5)
  4 dart slugs
  7 leopard geckos
  99 orcs
  8 bats
  A giant cockroach (D:6)
  A gnoll zombie (Crypt:2)
  6 hobgoblins
  10 jackals
  9 kobolds
  3 quokkas
  3 ball pythons
  2 frilled lizards
  A giant cockroach zombie (D:5)
  14 goblins
  A jackal skeleton (D:4)
  A jackal zombie (D:5)
  A leopard gecko skeleton (D:5)
  9 rats
  A butterfly (Lair:2)
  3 crawling corpses (Vaults:5)
  3 plants (Lair:6)
2466 creatures vanquished.

Vanquished Creatures (collateral kills)
  A golden dragon (Depths:5)
  A minotaur (Gauntlet)
  2 hydras (Swamp:4)
  2 alligators
  A two-headed ogre (D:8)
  8 death yaks (Lair:6)
  A catoblepas (Lair:6)
  A dancing weapon (Elf:2)
  A swamp dragon (Swamp:4)
  A wolf spider (Spider:4)
  3 elephants (Lair:6)
  3 spiny frogs
  A demonic crawler (Spider:2)
  A jumping spider (Spider:2)
  A queen bee (Lair:5)
  4 blink frogs (Lair:4)
  3 bog bodies (Swamp:4)
  A dream sheep (Lair:5)
  4 redbacks
  4 yaks (Lair:6)
  2 vampire mosquitoes (Swamp:4)
  3 water moccasins
  A porcupine (Lair:2)
  2 swamp drakes (Swamp:4)
  A black bear (Lair:2)
  An ogre (D:7)
  2 crocodiles
  Dowan (D:4)
  5 killer bees (Lair:5)
  A wight (D:7)
  An orc priest (D:3)
  A butterfly (Lair:2)
  A plant (Lair:6)
66 creatures vanquished.

Vanquished Creatures (others)
  A Killer Klown (Zot:5)
  A death cob (Zot:5)
  A fire giant (Depths:3)
  A stone giant (Depths:2)
  A yellow draconian (Zot:3)
  2 yaktaur captains (Vaults:5)
  A vault guard (Vaults:5)
  A hydra (D:14)
  A spriggan druid (Swamp:3)
  3 yaktaurs (Vaults:5)
  A guardian mummy (Crypt:3)
  A hornet (D:10)
  A queen bee (shapeshifter) (Vaults:3)
  A bog body (Swamp:4)
  2 redbacks
  A swamp worm (Swamp:3)
  A swamp drake (Swamp:4)
  2 centaurs (Volcano)
  An ufetubus (Depths:3)
  4 ball lightnings
  An orc (Orc:2)
  A bush (Lair:6)
  17 fungi
  19 plants
66 creatures vanquished.

Grand Total: 2598 creatures vanquished

Levels and vault maps discovered:
D:1:      psy_arrival_radial01, layout_loops_ring
D:2:      cheibrodos_pilgrimage, layout_loops_ring,
          nicolae_overflow_crystal_walls, uniq_sigmund, uniq_crazy_yiuf_cottage
D:3:      layout_loops_ring, lemuel_doored_altar,
          gammafunk_temple_overflow_pools, nicolae_overflow_hidden_temple,
          okawaru_gym_becter
D:4:      layout_loops_cross, lightli_minifort, uniq_duvessa
D:5:      layout_basic, kennysheep_mini, kennysheep_little_box, first_ration
D:6:      layout_layer_cave, minmay_temple_entry_wispy, gammafunk_ghost_hive
D:7:      layout_loops_ring, uniq_prince_ribbit1
D:8:      layout_basic, hangedman_ranch [blue_anna_fruit_fields]
D:9:      layout_loops_corners, ebering_ghost_gozag
D:10:     layout_loops_cross
D:11:     layout_small_grid, erik_lair_orcish_takeover, orc_0_dummy
D:12:     layout_basic, uniq_gastronok
D:13:     minmay_tearing_corner, layout_basic,
          lightli_vaults_fourway_checkpoint, portal_ice_cave_entry_pillars_1,
          hellmonk_ghost_happy_afterlife, serial_rivers,
          chequers_serial_rivers_small_3, chequers_serial_rivers_micro_a,
          chequers_serial_rivers_micro_e, chequers_serial_rivers_micro_e,
          chequers_serial_rivers_marsh, chequers_serial_rivers_micro_c,
          minmay_stone_trees_medium
D:14:     layout_basic, lemuel_tele_altar
D:15:     grunt_enter_depths_snipers, layout_gridville, serial_shops, shop,
          nemelex_xobeh_ov_fountains_minmay, uniq_nessos, uniq_jorgrun,
          uniq_josephine
Temple:   zaba_magenta_temple
Lair:1:   layout_chaotic_city, grunt_forest_large_clearing_hut
Lair:2:   layout_chaotic_city, lemuel_fruit_fields
Lair:3:   layout_chaotic_city, spider_nest_entry_web_field,
          nicolae_volcano_entry_vermiform, gammafunk_ghost_icy,
          lemuel_fruit_fields
Lair:4:   layout_cave_pods, skrybe_swamp_entry_bodies, gauntlet_entry_generic,
          chequers_serial_rivers_micro_e, serial_bayou_lake_a, uniq_sonja
Lair:5:   layout_hall_layers, special_room [special_room_bee], st_stairs_3
Lair:6:   evilmike_catoblepas_cave, layout_regular_city,
          minmay_slime_entry_oklob_open, gammafunk_ghost_hive, uniq_kirke
Swamp:1:  layout_basic_swamp, evilmike_swamp_ruin_house_1, swamp_pool2
Swamp:2:  layout_basic_swamp, infiniplex_staircase_pool
Swamp:3:  layout_falls_marsh, evilmike_swamp_ruin_wall,
          infiniplex_staircase_pool_2
Swamp:4:  swamp_basic_johnstein, layout_basic_swamp
Spider:1: layout_spider_delve, uniq_rupert
Spider:2: layout_spider_delve, guppyfry_spider_mini_1
Spider:3: layout_spider_delve
Spider:4: grunt_spider_rune_circles, uniq_arachne
Orc:1:    layout_caves, mines1_david, uniq_erolcha, uniq_harold
Orc:2:    st_orc_rangers, layout_diamond_mine
Elf:1:    layout_gridlike, serial_shops, bzr_in_the_mist,
          hangedman_elf_disciples, minmay_misc_feat_columns, grunt_megastairs_2
Elf:2:    layout_gridlike, uniq_donald
Elf:3:    minmay_elf_hall_spiked, layout_geoelf_grid, basic_altar, serial_shops,
          shop, uniq_louise
Vaults:1: nicolae_vaults_diagonal_hallway_6, nicolae_vaults_sealed_display,
          v_misc_14, hangedman_vaults_nodes, v_misc_24, v_pattern_2,
          ontoclasm_vaults_shuriken, st_hourglassy, v_rooms_3,
          nicolae_vaults_rhombus_6, ontoclasm_vaults_chip, v_misc_3,
          layout_vaults_maze_bifur
Vaults:2: st_octagons_2, ontoclasm_vaults_fault, vaults_mumra_hex,
          ontoclasm_vaults_claustrophobia, ontoclasm_vaults_ring_square,
          vaults_standard_mumra_enter_the_diamond, ontoclasm_vaults_chip,
          vaults_standard_mumra_enter_the_diamond,
          minmay_crypt_entry_simple_round, hangedman_vaults_maws,
          nicolae_vaults_mini_display_case, vaults_dpeg_diagonal,
          layout_vaults_chaotic_city, serial_shops, shop, uniq_aizul
Vaults:3: v_misc_4, grunt_vaults_funnel, hangedman_vaults_maws,
          grunt_vaults_twisty, nicolae_vaults_ninety_degrees,
          grunt_vaults_focal, v_misc_8, nicolae_vaults_network_quinsquares
          [nicolae_vaults_network_quincunx_subvault,
          nicolae_vaults_network_quincunx_subvault,
          nicolae_vaults_network_quincunx_subvault,
          nicolae_vaults_network_quincunx_subvault], vaults_dpeg_ring,
          vaults_dpeg_encased_lava, layout_vaults_ring
Vaults:4: vaults_room_mumra_shop_pool, hangedman_vaults_river_flow,
          nicolae_vaults_hallways_thing, nicolae_vaults_three_branches,
          ontoclasm_vaults_gateway, ontoclasm_vaults_ring_small,
          vaults_room_stairs_pillars, vaults_mumra_chevron_long,
          layout_vaults_omnicross, enter_trove_1, serial_shops, shop,
          uniq_xtahua
Vaults:5: serial_shops
Crypt:1:  layout_regular_city, small_statue_intersection,
          ebering_dispersal_statue_hall, grunt_crypt_arrival_webbed,
          grunt_megastairs_3
Crypt:2:  layout_regular_city, ebering_ghost_disaster_area
Crypt:3:  due_elkab, layout_chaotic_city, unseen_surprise_small
Depths:1: layout_basic, roderic_roman_lattice, pf_hell_entry_tar_river,
          kennysheep_windowed_goal, infiniplex_staircase_pool_lava, uniq_sojobo
Depths:2: minmay_the_grid_four_pointed_star_mashed
          [minmay_the_grid_triangle_9x9_subtriangle,
          minmay_the_grid_triangle_9x9_stretched_checkered,
          minmay_the_grid_triangle_9x9_pentomino_pain,
          minmay_the_grid_triangle_9x9_wacky_v,
          minmay_the_grid_prize_inner_circle], layout_basic, hell_entry,
          abyss_entry, minivault_11, infiniplex_staircase_x
Depths:3: grunt_house_of_mirrors, layout_cave_pools, grunt_hell_entry_dis_grunt,
          grunt_pan_entry_zigzag, minmay_door_square, minmay_strange_pillars
Depths:4: minmay_nested_s, layout_cave_pools, enter_ziggurat_f, pan_entry,
          minmay_holes, abyss_entry, hell_entry, serial_shops, shop,
          chequers_serial_rivers_room_a
Depths:5: grunt_profane_halls [grunt_profane_temple_geh,
          grunt_profane_temple_dis, grunt_profane_temple_tar,
          grunt_profane_temple_coc, grunt_zot_portal], hell_entry, abyss_entry,
          serial_shops
Zot:1:    ebering_greatest_show_in_zot, layout_misc_corridors,
          gammafunk_ghost_arena
Zot:2:    layout_misc_corridors, st_stairs_4
Zot:3:    nicolae_moth_party, layout_cathedral_of_symmetry, grunt_megastairs_4
Zot:4:    layout_misc_corridors, gammafunk_ghost_crypt
Zot:5:    layout_gridlike


Message History

There is a stone staircase leading down here.
A hellwing comes into view.
The hellwing gives a chilling moan.
You block the hellwing's attack. x2
You slice the hellwing!!
You headbutt the hellwing, but do no damage.
The hellwing is almost dead.
You hit the hellwing but do no damage.
The hellwing is almost dead.
The hellwing hits you! You block the hellwing's attack.
You slice the hellwing!!
You kill the hellwing!
Evoke which item? (* to show all) (? for menu, Esc to quit)
Aiming: Dig
Press: ? - help, Shift-Dir - straight line You can't see that place. [a rock wall.]
The rock shatters into small pieces.
There is a staircase leading out of the dungeon here.
You have escaped!

Notes
Turn   | Place    | Note
-------+----------+-------------------------------------------
     0 | D:1      | bmfx the Minotaur Necromancer began the quest for the Orb.
     0 | D:1      | Reached XP level 1. HP: 14/14 MP: 1/1
   265 | D:1      | Learned a level 1 spell: Animate Skeleton
   295 | D:1      | Reached skill level 1 in Fighting
   460 | D:1      | Reached XP level 2. HP: 21/23 MP: 0/3
  1519 | D:2      | Reached XP level 3. HP: 28/29 MP: 1/4
  2069 | D:2      | Reached skill level 1 in Shields
  2252 | D:2      | Noticed Sigmund
  2503 | D:3      | Found an iron altar of Okawaru.
  2526 | D:3      | Reached XP level 4. HP: 19/36 MP: 0/5
  2763 | D:3      | Found an ornate altar of the Wu Jian Council.
  2763 | D:3      | Found a shattered altar of Ashenzari.
  2792 | D:3      | Found an opulent altar of Gozag.
  3143 | D:3      | Reached XP level 5. HP: 33/41 MP: 6/6
  3464 | D:3      | Found a burning altar of Makhleb.
  3464 | D:3      | Found a stormy altar of Qazlal.
  3466 | D:3      | Found a snail-covered altar of Cheibriados.
  3745 | D:4      | Noticed a centaur
  3753 | D:4      | Killed a centaur
  3753 | D:4      | Reached XP level 6. HP: 30/48 MP: 7/7
  3943 | D:4      | Reached skill level 5 in Necromancy
  4104 | D:3      | Found a blossoming altar of Fedhas.
  4104 | D:3      | Found a shimmering blue altar of Sif Muna.
  4380 | D:4      | Reached XP level 7. HP: 24/57 MP: 8/8
  4507 | D:4      | Noticed Duvessa
  4507 | D:4      | Noticed Dowan
  4516 | D:4      | Killed Dowan
  4544 | D:4      | Killed Duvessa
  5327 | D:5      | Entered Level 5 of the Dungeon
  5513 | D:5      | Reached skill level 5 in Fighting
  5530 | D:5      | Found a white marble altar of Elyvilon.
  5745 | D:5      | Reached XP level 8. HP: 54/69 MP: 9/9
  5756 | D:5      | Reached skill level 5 in Dodging
  6017 | D:5      | Reached skill level 1 in Armour
  6041 | D:5      | Found a radiant altar of Vehumet.
  6377 | D:6      | Noticed a hornet
  6397 | D:6      | Noticed a queen bee
  6398 | D:6      | Noticed Flugkiller's ghost (novice OpBe)
  6678 | D:6      | Found a transporter.
  6679 | D:6      | Found a transporter.
  6935 | D:6      | Learned a level 3 spell: Regeneration
  6940 | D:6      | Learned a level 4 spell: Animate Dead
  6940 | D:6      | Found a staircase to the Ecumenical Temple.
  6948 | Temple   | Entered the Ecumenical Temple
  7003 | Temple   | Became a worshipper of Nemelex Xobeh the Trickster
  7104 | D:6      | Received a gift from Nemelex Xobeh
  7345 | D:6      | Reached skill level 5 in Armour
  7569 | D:2      | Found a shadowy altar of Dithmenos.
  7836 | D:2      | Killed Sigmund
  7836 | D:2      | Reached XP level 9. HP: 79/81 MP: 10/10
  7930 | D:2      | Found a runed translucent door.
  7931 | D:2      | Noticed Crazy Yiuf
  7962 | D:2      | Killed Crazy Yiuf
  8176 | D:7      | Noticed Prince Ribbit
  8195 | D:7      | Killed Prince Ribbit
  8461 | D:7      | Reached skill level 1 in Evocations
  8651 | D:7      | Reached skill level 1 in Axes
  8732 | D:7      | Reached * piety under Nemelex Xobeh
  8738 | D:7      | Received a gift from Nemelex Xobeh
  9390 | D:8      | Noticed a two-headed ogre
  9405 | D:8      | Killed a two-headed ogre
  9591 | D:8      | Reached skill level 5 in Axes
  9785 | D:8      | Noticed a two-headed ogre
  9792 | D:8      | Killed a two-headed ogre
  9792 | D:8      | Reached skill level 5 in Evocations
  9792 | D:8      | Reached XP level 10. HP: 87/88 MP: 12/12
 10253 | D:9      | Reached skill level 1 in Invocations
 10420 | D:9      | Reached ** piety under Nemelex Xobeh
 10592 | D:9      | Found a runed translucent gate.
 10592 | D:9      | Found a runed translucent gate.
 10592 | D:9      | Found an opulent altar of Gozag.
 10593 | D:9      | Found a runed translucent gate.
 10593 | D:9      | Found Huluw's Assorted Antiques.
 10593 | D:9      | Noticed a gargoyle
 10593 | D:9      | Noticed grouchysmurf's ghost (journeyman MfGl)
 10593 | D:9      | Noticed an ogre mage
 10797 | D:9      | Noticed a seven-headed hydra
 10808 | D:9      | Killed a seven-headed hydra
 10826 | D:9      | Received a gift from Nemelex Xobeh
 11216 | D:10     | Entered Level 10 of the Dungeon
 11529 | D:10     | Received a gift from Nemelex Xobeh
 11620 | D:10     | Reached XP level 11. HP: 94/94 MP: 15/15
 11671 | D:10     | Noticed a two-headed ogre
 11679 | D:10     | Killed a two-headed ogre
 11679 | D:10     | Reached skill level 5 in Invocations
 12319 | D:11     | Noticed a death knight
 12325 | D:11     | Noticed a skeletal warrior
 12391 | D:11     | Reached *** piety under Nemelex Xobeh
 12401 | D:11     | Received a gift from Nemelex Xobeh
 12721 | D:11     | Found a staircase to the Lair.
 12734 | Lair:1   | Entered Level 1 of the Lair of Beasts
 13371 | Lair:1   | Reached skill level 10 in Axes
 13830 | Lair:2   | Received a gift from Nemelex Xobeh
 13898 | Lair:2   | Got a scorched bronze ring
 13900 | Lair:2   | Identified the ring "Zaugohuq" {*Drain +Blink MR+ Str+8
                  | Int-3} (You found it on level 2 of the Lair of Beasts)
 14168 | Lair:2   | Reached XP level 12. HP: 101/101 MP: 17/17
 14171 | Lair:2   | Reached **** piety under Nemelex Xobeh
 14650 | Lair:3   | Received a gift from Nemelex Xobeh
 14666 | Lair:3   | Found a dark tunnel.
 14676 | Volcano  | Entered a volcano
 14798 | Volcano  | Noticed a two-headed ogre
 14799 | Volcano  | Identified the +0 long sword of Defence {antimagic, MR+
                  | Dex+3 Stlth+}
 14810 | Volcano  | Killed a two-headed ogre
 14820 | Volcano  | Noticed a two-headed ogre
 14820 | Volcano  | Noticed a two-headed ogre
 14831 | Volcano  | Killed a two-headed ogre
 14835 | Volcano  | Killed a two-headed ogre
 15249 | Lair:3   | Reached skill level 10 in Armour
 15269 | Lair:3   | Received a gift from Nemelex Xobeh
 15275 | Lair:3   | Noticed Viasus's ghost (journeyman GnAr)
 15384 | Lair:3   | Reached ***** piety under Nemelex Xobeh
 15429 | Lair:3   | Found a runed translucent gate.
 15429 | Lair:3   | Found a runed translucent gate.
 15429 | Lair:3   | Found a runed translucent gate.
 15490 | Lair:3   | Found a hole to the Spider Nest.
 15849 | Lair:4   | Received a gift from Nemelex Xobeh
 15850 | Lair:4   | Noticed Sonja
 15858 | Lair:4   | Killed Sonja
 15894 | Lair:4   | Found a gate leading to a gauntlet.
 15927 | Gauntlet | Entered a Gauntlet
 15927 | Gauntlet | Found a transporter.
 15927 | Gauntlet | Found a transporter.
 15935 | Gauntlet | Found a transporter.
 15939 | Gauntlet | Found a transporter.
 15947 | Gauntlet | Found a transporter.
 15951 | Gauntlet | Found a transporter.
 15959 | Gauntlet | Noticed an anaconda
 15959 | Gauntlet | a torpor snail changed into an anaconda
 15960 | Gauntlet | Found a transporter.
 15961 | Gauntlet | an anaconda changed into a sea snake
 15974 | Gauntlet | Found a runed translucent door.
 15975 | Gauntlet | Found a transporter.
 15976 | Gauntlet | Found a runed translucent door.
 15989 | Gauntlet | Found a transporter.
 15993 | Gauntlet | Found a transporter.
 16004 | Gauntlet | Found a transporter.
 16005 | Gauntlet | Found a transporter.
 16257 | Gauntlet | Got a scorched cloak
 16274 | Gauntlet | Identified the +1 cloak of Feibbiha {Slay+2} (You found it
                  | in a Gauntlet)
 16482 | Gauntlet | Noticed a minotaur
 16513 | Gauntlet | Killed a minotaur
 16525 | Gauntlet | Identified the Almanac of Dark Magic and Companions
 16697 | Lair:4   | Found a staircase to the Swamp.
 17443 | Lair:5   | Received a gift from Nemelex Xobeh
 17544 | Lair:5   | Noticed a catoblepas
 17559 | Lair:5   | Killed a catoblepas
 17646 | Lair:5   | Reached skill level 10 in Fighting
 17661 | Lair:5   | Reached XP level 13. HP: 105/113 MP: 18/18
 17713 | Lair:5   | Learned a level 1 spell: Apportation
 17718 | Lair:5   | Learned a level 4 spell: Summon Lightning Spire
 17842 | Lair:5   | Received a gift from Nemelex Xobeh
 17949 | Lair:5   | Got a scorched jade ring
 17951 | Lair:5   | Identified the ring "Ontegin" {rC- MR+ Dex+6 Slay+3} (You
                  | found it on level 5 of the Lair of Beasts)
 18035 | Lair:5   | Received a gift from Nemelex Xobeh
 18442 | Lair:6   | Entered Level 6 of the Lair of Beasts
 18470 | Lair:6   | Received a gift from Nemelex Xobeh
 18610 | Lair:6   | Found a transporter.
 18610 | Lair:6   | Found a transporter.
 18610 | Lair:6   | Noticed kuniqs's ghost (journeyman DEWz)
 19123 | Lair:6   | Reached skill level 15 in Axes
 19449 | Lair:6   | Reached XP level 14. HP: 113/126 MP: 17/19
 19551 | Lair:6   | Noticed Kirke
 19560 | Lair:6   | Killed Kirke
 19588 | Lair:6   | Received a gift from Nemelex Xobeh
 19818 | Lair:6   | Found a staircase to the Slime Pits.
 20174 | D:11     | Received a gift from Nemelex Xobeh
 20181 | D:11     | Found a staircase to the Orcish Mines.
 20506 | D:12     | Got a bloodstained ring mail
 20517 | D:12     | Identified the +1 ring mail of Ytahoih {rElec Regen+ Dex-2}
                  | (You found it on level 12 of the Dungeon)
 20628 | D:12     | Received a gift from Nemelex Xobeh
 20921 | D:12     | Reached ****** piety under Nemelex Xobeh
 21064 | D:12     | Noticed Gastronok
 21074 | D:12     | Killed Gastronok
 21190 | D:12     | Received a gift from Nemelex Xobeh
 21463 | D:13     | Noticed Linguinho's ghost (journeyman TrFi)
 21466 | D:13     | Found a runed translucent door.
 21561 | D:13     | Found a frozen archway.
 21577 | IceCv    | Entered an ice cave
 21577 | IceCv    | Received a gift from Nemelex Xobeh
 22110 | IceCv    | Noticed a frost giant
 22132 | IceCv    | Killed a frost giant
 22645 | D:13     | Reached skill level 5 in Shields
 22745 | D:13     | Noticed a frost giant
 22758 | D:13     | Killed a frost giant
 22758 | D:13     | Reached XP level 15. HP: 97/132 MP: 13/20
 23287 | D:13     | Received a gift from Nemelex Xobeh
 23304 | D:13     | Noticed a tengu reaver
 23313 | D:13     | Killed a tengu reaver
 23484 | D:13     | Noticed a sphinx
 23484 | D:13     | Noticed a storm dragon
 23485 | D:13     | Noticed a fire giant
 23485 | D:13     | a sphinx changed into a fire giant
 23485 | D:13     | a storm dragon changed into a catoblepas
 23491 | D:13     | Killed a fire giant
 23580 | D:13     | Reached skill level 10 in Shields
 23948 | D:13     | Found a gate to the Vaults.
 24735 | D:14     | Found a shadowy altar of Dithmenos.
 24838 | D:14     | Received a gift from Nemelex Xobeh
 25487 | D:15     | Entered Level 15 of the Dungeon
 25546 | D:15     | Found Giujan's Antique Armour Emporium.
 25554 | D:15     | Bought a slimy cloak for 247 gold pieces
 25554 | D:15     | Bought a pair of embroidered gloves for 195 gold pieces
 25566 | D:15     | Identified the +2 cloak of Egalitarianism {rF+ Int+3 Dex-4}
                  | (You bought it in a shop on level 15 of the Dungeon)
 25662 | D:15     | Received a gift from Nemelex Xobeh
 25690 | D:15     | Noticed Nessos
 25701 | D:15     | Killed Nessos
 25763 | D:15     | Found a staircase to the Depths.
 25865 | D:15     | Found a sparkling altar of Nemelex Xobeh.
 25912 | D:15     | Noticed Josephine
 25930 | D:15     | Killed Josephine
 26027 | D:15     | Noticed Jorgrun
 26034 | D:15     | Killed Jorgrun
 26206 | D:15     | Received a gift from Nemelex Xobeh
 26458 | Orc:1    | Entered Level 1 of the Orcish Mines
 26458 | Orc:1    | Noticed Harold
 26472 | Orc:1    | Killed Harold
 26561 | Orc:1    | Found a roughly hewn altar of Beogh.
 26627 | Orc:1    | Noticed Erolcha
 26633 | Orc:1    | Killed Erolcha
 26702 | Orc:1    | Received a gift from Nemelex Xobeh
 27020 | Orc:2    | Entered Level 2 of the Orcish Mines
 27291 | Orc:2    | Reached XP level 16. HP: 139/139 MP: 21/21
 27670 | Orc:2    | Received a gift from Nemelex Xobeh
 27705 | Orc:2    | Found a staircase to the Elven Halls.
 27754 | Orc:2    | Reached skill level 15 in Shields
 27795 | Orc:2    | Received a gift from Nemelex Xobeh
 27842 | Orc:2    | Found Teggol's Food Emporium.
 27842 | Orc:2    | Found Uriorph's Magic Scroll Boutique.
 27844 | Orc:2    | Found Lotiyruc's Jewellery Shop.
 27846 | Orc:2    | Found Tonnuh's Weapon Shoppe.
 28386 | D:15     | Bought translucent quicksilver dragon scales for 1690 gold
                  | pieces
 28396 | D:15     | Identified the cursed quicksilver dragon scales of the
                  | Onion {MR+ MP-9 Slay+4} (You bought it in a shop on level
                  | 15 of the Dungeon)
 28397 | D:15     | Bought a runed plate armour for 676 gold pieces
 28596 | D:6      | Killed Flugkiller's ghost
 28860 | D:9      | Killed grouchysmurf's ghost
 29042 | D:13     | Killed Linguinho's ghost
 29243 | Lair:3   | Killed Viasus's ghost
 29373 | Lair:3   | Identified the ring of Existentialism {Fire Dex+4} (You
                  | found it on level 3 of the Lair of Beasts)
 29415 | Spider:1 | Entered Level 1 of the Spider Nest
 29716 | Spider:1 | Noticed Rupert
 29726 | Spider:1 | Killed Rupert
 29985 | Spider:1 | Received a gift from Nemelex Xobeh
 30154 | Spider:2 | Reached skill level 15 in Armour
 31085 | Spider:3 | Received a gift from Nemelex Xobeh
 31162 | Spider:3 | Reached XP level 17. HP: 98/154 MP: 19/22
 31571 | Spider:4 | Entered Level 4 of the Spider Nest
 31571 | Spider:4 | Noticed Arachne
 31578 | Spider:4 | Reached skill level 15 in Fighting
 31593 | Spider:4 | Killed Arachne
 31593 | Spider:4 | Reached skill level 10 in Dodging
 32092 | Spider:4 | Received a gift from Nemelex Xobeh
 32388 | Spider:4 | Got a gossamer rune of Zot
 32679 | Swamp:1  | Entered Level 1 of the Swamp
 32770 | Swamp:1  | Received a gift from Nemelex Xobeh
 32875 | Swamp:1  | Received a gift from Nemelex Xobeh
 33068 | Swamp:1  | Received a gift from Nemelex Xobeh
 33967 | Swamp:2  | Received a gift from Nemelex Xobeh
 34398 | Swamp:3  | Received a gift from Nemelex Xobeh
 34424 | Swamp:3  | Reached skill level 15 in Dodging
 34486 | Swamp:3  | Reached XP level 18. HP: 163/163 MP: 23/23
 34878 | Swamp:4  | Entered Level 4 of the Swamp
 35981 | Swamp:4  | Reached skill level 10 in Invocations
 36111 | Swamp:4  | Got a decaying rune of Zot
 36479 | Elf:1    | Entered Level 1 of the Elven Halls
 36489 | Elf:1    | Received a gift from Nemelex Xobeh
 36489 | Elf:1    | Found a flickering gateway to a bazaar.
 36516 | Bazaar   | Entered a bazaar
 36530 | Bazaar   | Found Xuro's Antique Armour Emporium.
 36545 | Bazaar   | Found Daudink's General Store.
 36560 | Bazaar   | Found Xurchoca's Weapon Emporium.
 36560 | Bazaar   | Found Ylaj's Assorted Antiques.
 36581 | Bazaar   | Found Rienuutzam's Jewellery Shoppe.
 36644 | Bazaar   | Bought a potion of curing for 42 gold pieces
 36644 | Bazaar   | Bought a potion of agility for 56 gold pieces
 36644 | Bazaar   | Bought a potion of brilliance for 56 gold pieces
 36658 | Bazaar   | Bought a scratched emerald ring for 80 gold pieces
 36929 | Elf:1    | Received a gift from Nemelex Xobeh
 37062 | Elf:1    | Received a gift from Nemelex Xobeh
 37953 | Elf:2    | Found a runed translucent gate.
 37953 | Elf:2    | Found a runed translucent gate.
 37953 | Elf:2    | Found a runed translucent gate.
 38151 | Elf:2    | Noticed Donald
 38162 | Elf:2    | Killed Donald
 38489 | Elf:2    | Received a gift from Nemelex Xobeh
 38839 | Elf:2    | Reached XP level 19. HP: 163/170 MP: 25/26
 39697 | Elf:3    | Entered Level 3 of the Elven Halls
 39717 | Elf:3    | Received a gift from Nemelex Xobeh
 39941 | Elf:3    | Found a shimmering blue altar of Sif Muna.
 40104 | Elf:3    | Found Ywahor's Armour Emporium.
 40105 | Elf:3    | Noticed Louise
 40120 | Elf:3    | Killed Louise
 40350 | Elf:3    | Identified the +6 scimitar of Maimatzi {slice, *Corrode
                  | MR++}
 40366 | Elf:3    | Identified the +10 broad axe of Mosat {chop, rElec rPois
                  | rN+}
 40602 | Elf:3    | Noticed a Brimstone Fiend
 40663 | Elf:3    | Identified the cursed ring of Tuxt {rElec EV-2 Str+3}
 40921 | Elf:3    | Identified the +6 falchion of Detelegh {slice, rF+}
 40943 | Elf:3    | Reached skill level 15 in Invocations
 41181 | Elf:3    | Identified the +11 dagger "Demonbane" {flame, rPois Str+4}
 41181 | Elf:3    | Identified the ring "Keotulit" {*Contam rC+++ AC+3 Str-4
                  | SInv}
 41222 | Elf:3    | Identified the ring "Fyisayt" {+Inv +Fly rF- MP+9 Stlth+}
 41382 | Elf:3    | Received a gift from Nemelex Xobeh
 41489 | Elf:3    | Got a pitted chain mail
 41500 | Elf:3    | Identified the +1 chain mail of Niaskublam {*Drain rF+++}
                  | (You found it on level 3 of the Elven Halls)
 41512 | Elf:3    | Got heavily runed storm dragon scales
 41523 | Elf:3    | Identified the +2 storm dragon scales of Slovenliness
                  | {rElec Str+4} (You found it on level 3 of the Elven Halls)
 41840 | Vaults:1 | Entered Level 1 of the Vaults
 42193 | Vaults:1 | Reached XP level 20. HP: 166/178 MP: 29/31
 42595 | Vaults:1 | Received a gift from Nemelex Xobeh
 42621 | Vaults:1 | Paralysed by a floating eye for 2 turns
 43336 | Vaults:2 | Found Bustuk's Book Emporium.
 43363 | Vaults:2 | Noticed Aizul
 43377 | Vaults:2 | Killed Aizul
 43662 | Vaults:2 | Received a gift from Nemelex Xobeh
 44207 | Vaults:2 | Received a gift from Nemelex Xobeh
 44489 | Vaults:2 | Received a gift from Nemelex Xobeh
 44573 | Vaults:2 | Got a smelly leather armour
 44752 | Vaults:2 | Found a staircase to the Crypt.
 45195 | Vaults:3 | Received a gift from Nemelex Xobeh
 45414 | Vaults:3 | Received a gift from Nemelex Xobeh
 45584 | Vaults:3 | Reached XP level 21. HP: 189/192 MP: 32/33
 46300 | Vaults:4 | Received a gift from Nemelex Xobeh
 46432 | Vaults:4 | Found Siraeb's Antique Armour Emporium.
 46445 | Vaults:4 | Bought a dazzling plate armour for 1148 gold pieces
 46445 | Vaults:4 | Identified the +8 plate armour of the Demon Prince {+Fly
                  | SInv Stlth+} (You bought it in a shop on level 4 of the
                  | Vaults)
 46458 | Vaults:4 | Bought a shiny large shield for 307 gold pieces
 46520 | Vaults:4 | Found a portal to a secret trove of treasure.
 46532 | Vaults:4 | You paid a toll of 4 scrolls of blinking to enter a
                  | treasure trove
 46533 | Trove    | Entered a treasure trove
 46567 | Trove    | Got a crude brass amulet
 46568 | Trove    | Identified the amulet "Nooczea" {Reflect rF+ Int+4 SH+4}
                  | (You found it in a treasure trove)
 46572 | Trove    | Got a steaming cloak
 46573 | Trove    | Identified the +2 cloak "Kant" {+Fly} (You found it in a
                  | treasure trove)
 46576 | Trove    | Got a wavering garnet amulet
 46577 | Trove    | Identified the amulet of Qazlal's Displeasure {Acrobat
                  | rElec rPois} (You found it in a treasure trove)
 46588 | Trove    | Got a smelly leather armour
 46912 | Vaults:4 | Found Ivvelu's Armour Shop.
 46974 | Vaults:4 | Received a gift from Nemelex Xobeh
 47087 | Vaults:4 | Noticed Xtahua
 47096 | Vaults:4 | Killed Xtahua
 47318 | Crypt:1  | Entered Level 1 of the Crypt
 47447 | Crypt:1  | Received a gift from Nemelex Xobeh
 47878 | Crypt:1  | Received a gift from Nemelex Xobeh
 48445 | Crypt:2  | Received a gift from Nemelex Xobeh
 49130 | Crypt:2  | Found a large runed translucent door.
 49130 | Crypt:2  | Found a large runed translucent door.
 49211 | Crypt:2  | Noticed Ywuol's ghost (veteran GrFi)
 49265 | Crypt:3  | Entered Level 3 of the Crypt
 49269 | Crypt:3  | Received a gift from Nemelex Xobeh
 49310 | Crypt:3  | Reached XP level 22. HP: 194/202 MP: 34/34
 49406 | Crypt:3  | Identified a scroll of acquirement
 49409 | Crypt:3  | Got an ichor-stained ring mail
 49553 | Crypt:3  | Received a gift from Nemelex Xobeh
 49690 | Crypt:3  | Got a translucent bone ring
 49690 | Crypt:3  | Got a coiled sapphire amulet
 49691 | Crypt:3  | Identified the ring "Xolanuzo" {rN+ Dex+4} (You found it on
                  | level 3 of the Crypt)
 49692 | Crypt:3  | Identified the amulet of the Many Coins {Regen+ Stlth+}
                  | (You found it on level 3 of the Crypt)
 49693 | Crypt:3  | Identified the ring of Impatience {+Blink rN+} (You found
                  | it on level 3 of the Crypt)
 49949 | Crypt:3  | Noticed a greater mummy
 49963 | Crypt:3  | Identified the Catalogue of Gliding Conjuration
 50227 | Crypt:3  | Identified the Catalogue of Evil Arts
 50230 | Crypt:3  | Identified the Handbook of Pessimism
 50236 | Crypt:3  | Identified the +5 rapier "Vithovoph" {freeze, +Rage rElec
                  | Int-3} (You found it on level 3 of the Crypt)
 50263 | Crypt:3  | Killed a greater mummy
 51028 | Crypt:3  | Found a staircase to the Tomb.
 51329 | Depths:1 | Entered Level 1 of the Depths
 51404 | Depths:1 | Received a gift from Nemelex Xobeh
 51443 | Depths:1 | Got an ancient wooden ring
 51444 | Depths:1 | Identified the ring "Myff" {*Corrode *Slow rN+ MP+9 Str+7}
                  | (You found it on level 1 of the Depths)
 51687 | Depths:1 | Found a gateway to Hell.
 51706 | Depths:1 | Noticed Sojobo
 51723 | Depths:1 | Killed Sojobo
 52047 | Depths:1 | Received a gift from Nemelex Xobeh
 52057 | Depths:1 | Found Hoponire's General Store.
 52068 | Depths:1 | Bought a potion of curing for 45 gold pieces
 52665 | Depths:2 | Found a runed translucent door.
 53203 | Depths:2 | Reached XP level 23. HP: 208/208 MP: 35/35
 53235 | Depths:2 | Received a gift from Nemelex Xobeh
 53331 | Depths:2 | Found a one-way gate to the infinite horrors of the Abyss.
 53499 | Depths:2 | Received a gift from Nemelex Xobeh
 53696 | Depths:2 | Reached XP level 24. HP: 217/217 MP: 35/35
 54003 | Depths:3 | Found a one-way gate leading to the halls of Pandemonium.
 54300 | Depths:3 | Paralysed by a floating eye for 4 turns
 54368 | Depths:3 | Received a gift from Nemelex Xobeh
 55400 | Depths:4 | Noticed a juggernaut
 55413 | Depths:4 | Killed a juggernaut
 55418 | Depths:4 | Learned a level 3 spell: Lesser Beckoning
 55752 | Depths:4 | Found Jeopya Emeug's Antique Armour Shoppe.
 55940 | Depths:4 | Received a gift from Nemelex Xobeh
 56133 | Depths:4 | Found a gateway to a ziggurat.
 56256 | Depths:4 | Identified the +3 battleaxe of Massacring {chop, Str+7
                  | Dex+3}
 56256 | Depths:4 | Identified the +2 robe of Biuluk {rPois Regen+}
 56401 | Depths:4 | You fall into a shaft and drop 1 floor!
 56401 | Depths:5 | Entered Level 5 of the Depths
 56447 | Depths:5 | Got a blackened chain mail
 56448 | Depths:5 | Identified the cursed +1 chain mail of the Circus Animal
                  | {MR++ Regen+ SInv Stlth+} (You found it on level 5 of the
                  | Depths)
 56475 | Depths:5 | Noticed a juggernaut
 56489 | Depths:5 | Killed a juggernaut
 56918 | Depths:5 | Found a white marble altar of Elyvilon.
 56947 | Depths:5 | Reached XP level 25. HP: 234/234 MP: 35/35
 57004 | Depths:4 | Received a gift from Nemelex Xobeh
 57467 | Depths:4 | Noticed a juggernaut
 57480 | Depths:4 | Killed a juggernaut
 57637 | Depths:4 | Got a transparent zirconium amulet
 57638 | Depths:4 | Identified the amulet of Offohism {Harm *Drain Str+8} (You
                  | found it on level 4 of the Depths)
 57821 | Depths:5 | Found a blossoming altar of Fedhas.
 58022 | Depths:5 | Found a glowing silver altar of Zin.
 58378 | Depths:5 | Got an opalescent robe
 58627 | Depths:5 | Found a gate to the Realm of Zot.
 58703 | Depths:5 | Received a gift from Nemelex Xobeh
 58937 | Depths:5 | Found a hazy altar of Hepliaklqana.
 59258 | Depths:5 | Got a garnet-encrusted leather armour
 59277 | Depths:5 | Identified the +2 leather armour of the Beekeeper {rElec
                  | Str+9} (You found it on level 5 of the Depths)
 59841 | Vaults:5 | Entered Level 5 of the Vaults
 59848 | Vaults:5 | Reached skill level 1 in Translocations
 60130 | Vaults:5 | Identified the +7 great mace of Resourcefulness {pain,
                  | rPois MR+++ MP+9 Int-4}
 60150 | Vaults:5 | Reached skill level 5 in Translocations
 60247 | Vaults:5 | Reached XP level 26. HP: 216/243 MP: 35/35
 60474 | Vaults:5 | Noticed an ancient lich
 60481 | Vaults:5 | Killed an ancient lich
 60909 | Vaults:5 | Received a gift from Nemelex Xobeh
 60913 | Vaults:5 | Identified the cursed +3 fustibalus of Vengeance {freeze,
                  | +Inv Int+3}
 61825 | Vaults:5 | Got a silver rune of Zot
 62228 | Zot:1    | Entered Level 1 of the Realm of Zot
 62228 | Zot:1    | Noticed a juggernaut
 62238 | Zot:1    | Killed a juggernaut
 63042 | Zot:1    | Found a transporter.
 63044 | Zot:1    | Noticed Esoheumm's ghost (legendary MfTm)
 63073 | Zot:1    | Found a transporter.
 63076 | Zot:1    | Got a smoking ring mail
 63079 | Zot:1    | Received a gift from Nemelex Xobeh
 63110 | Zot:1    | Reached XP level 27. HP: 227/254 MP: 36/36
 63741 | Zot:2    | Received a gift from Nemelex Xobeh
 63817 | Zot:2    | Noticed an orb of fire
 63819 | Zot:2    | Gained mutation: You tend to lose your temper in combat.
                  | [an orb of fire]
 63824 | Zot:2    | Killed an orb of fire
 65184 | Zot:3    | Received a gift from Nemelex Xobeh
 66507 | Zot:4    | Found a runed translucent gate.
 66521 | Zot:4    | Found a runed translucent gate.
 66523 | Zot:4    | Found an ancient bone altar of Kikubaaqudgha.
 66523 | Zot:4    | Found a runed translucent gate.
 66523 | Zot:4    | Noticed an ancient lich
 66523 | Zot:4    | Noticed an ancient lich
 66523 | Zot:4    | Noticed an ancient lich
 66523 | Zot:4    | Noticed an ancient lich
 66524 | Zot:4    | Noticed Vosuplal's ghost (legendary GrEE)
 67014 | Zot:4    | Received a gift from Nemelex Xobeh
 67033 | Zot:4    | Noticed an orb of fire
 67038 | Zot:4    | Gained mutation: You are frail. (-10% HP) [an orb of fire]
 67044 | Zot:4    | Killed an orb of fire
 67901 | Crypt:2  | Killed Ywuol's ghost
 68681 | Vaults:5 | Lost mutation: You are frail. (-10% HP) [potion of
                  | mutation]
 68681 | Vaults:5 | Lost mutation: You tend to lose your temper in combat.
                  | [potion of mutation]
 68681 | Vaults:5 | Gained mutation: You have a pair of large horns on your
                  | head. [potion of mutation]
 68681 | Vaults:5 | Gained mutation: You are occasionally teleported next to
                  | monsters. [potion of mutation]
 68681 | Vaults:5 | Gained mutation: You are weak. (Str -2) [potion of
                  | mutation]
 68681 | Vaults:5 | Gained mutation: You have an increased reservoir of magic.
                  | (+10% MP) [potion of mutation]
 68682 | Vaults:5 | Lost mutation: You are occasionally teleported next to
                  | monsters. [potion of mutation]
 68682 | Vaults:5 | Lost mutation: You have a pair of large horns on your head.
                  | [potion of mutation]
 68682 | Vaults:5 | Lost mutation: You are weak. (Str -2) [potion of mutation]
 68682 | Vaults:5 | Gained mutation: Your mind is acute. (Int +2) [potion of
                  | mutation]
 68682 | Vaults:5 | Gained mutation: Your mind is very acute. (Int +4) [potion
                  | of mutation]
 68682 | Vaults:5 | Gained mutation: You can translocate small distances at
                  | will. [potion of mutation]
 69120 | Zot:5    | Entered Level 5 of the Realm of Zot
 69831 | Zot:5    | Received a gift from Nemelex Xobeh
 69992 | Zot:5    | Noticed an orb of fire
 69996 | Zot:5    | Gained mutation: Your muscles are strong. (Str +2) [an orb
                  | of fire]
 69998 | Zot:5    | Lost mutation: You have an increased reservoir of magic.
                  | (+10% MP) [an orb of fire]
 70003 | Zot:5    | Gained mutation: Your body sometimes deteriorates upon
                  | taking damage. [an orb of fire]
 70008 | Zot:5    | Killed an orb of fire
 70066 | Zot:5    | Noticed an orb of fire
 70083 | Zot:5    | Killed an orb of fire
 70390 | Zot:5    | Noticed an orb of fire
 70407 | Zot:5    | Killed an orb of fire
 70582 | Zot:5    | Noticed an orb of fire
 70593 | Zot:5    | Killed an orb of fire
 70697 | Zot:5    | Got a shimmering chain mail
 70960 | Zot:5    | Got the Orb of Zot
 71039 | Zot:5    | Gained mutation: You tend to lose your temper in combat. [a
                  | cacodemon]
 71044 | Zot:5    | Gained mutation: You occasionally shout uncontrollably at
                  | your foes. [a cacodemon]
 71049 | Zot:4    | Lost mutation: You tend to lose your temper in combat.
                  | [potion of mutation]
 71049 | Zot:4    | Lost mutation: Your mind is very acute. (Int +4) [potion of
                  | mutation]
 71049 | Zot:4    | Lost mutation: You can translocate small distances at will.
                  | [potion of mutation]
 71049 | Zot:4    | Gained mutation: You are partially covered in molten
                  | scales. (AC +2) [potion of mutation]
 71049 | Zot:4    | Gained mutation: Your system is resistant to poisons.
                  | (rPois) [potion of mutation]
 71148 | Zot:1    | Noticed Bofim the pandemonium lord
 71204 | Depths:4 | Noticed Moyfaod the pandemonium lord
 71288 | Depths:2 | Noticed Cow Vatz the pandemonium lord
 71712 | D:$      | Escaped with the Orb!
